[Event "*** SCC Grand Prix: Titled Tuesday Blitz"]
[Site "Chess.com"]
[Date "2020.08.11"]
[Round "1"]
[White "oganromchess"]
[Black "swimmerchess"]
[Result "0-1"]
[WhiteElo "2404"]
[BlackElo "2825"]
[TimeControl "180+1"]
[EndTime "10:05:30 PDT"]
[Termination "swimmerchess won by resignation"]

1. e4 c5 2. Nf3 Nc6 3. c3 e5 4.
Bc4 Nf6 5. d3 h6 6. O-O d6 7.
Re1 g5 8. Qb3 Qe7 9. d4 g4 10.
dxe5 gxf3 11. exf6 Qxf6 12. g3 h5 13. Bf4 h4 14. Bd5 hxg3 15. Bxg3 Bh6 16. Bxc6+ bxc6 17. e5 dxe5 18. Na3 Bf4 19. Nc4 Bxg3 20. hxg3 Qh6 21. Rxe5+ Kf8 0-1

[Event "*** SCC Grand Prix: Titled Tuesday Blitz"]
[Site "Chess.com"]
[Date "2020.08.11"]
[Round "1"]
[White "Vuk2000"]
[Black "Agent-JL"]
[Result "1-0"]
[WhiteElo "2696"]
[BlackElo "2343"]
[TimeControl "180+1"]
[EndTime "10:05:31 PDT"]
[Termination "Vuk2000 won on time"]

1. d4 Nf6 2. Bg5 d5 3. Bxf6 exf6 4. e3 Be7 5. g3 c6 6. Nd2 h5 7. h4 Bf5 8. Bg2 a5 9. Ne2 Na6 10. O-O Qd7 11. c4 O-O 12. cxd5 cxd5 13. Nf4 Bg4 14. Qb3 Bb4 15. Nb1 Rfd8 16. Nc3 Bxc3 17. bxc3 Be6 18.
Nxh5 Rac8 19. Rab1 Rc7 20. Nf4 a4 21. Qb5 Bf5 22.
Qxd7 Rdxd7 23. Nxd5 Bxb1 24. Nxc7 Bxa2 25. Nxa6 bxa6 26.
Ra1 Bb3 27. Bc6 Rc7 28. Bxa4 Bd5 29. Rc1 a5 30. Bb5 1-0

[Event "*** SCC Grand Prix: Titled Tuesday Blitz"]
[Site "Chess.com"]
[Date "2020.08.11"]
[Round "1"]
[White "Pashinskiy_Mikhail"]
[Black "Heineccius"]
[Result "0-1"]
[WhiteElo "2260"]
[BlackElo "2613"]
[TimeControl "180+1"]
[EndTime "10:05:31 PDT"]
[Termination "Heineccius won on time"]

1. e4 c5 2. Nc3 e6 3. Nge2 Nc6 4. g3 d5 5. exd5 exd5 6. Bg2 d4 7. Nd5 Nf6 8. Nef4 Nxd5 9. Nxd5 Be6 10. Nf4 Bf5 11.
O-O Be7 12. Nd5 O-O 13. Nxe7+ Qxe7 14. d3 Qd7 15. Re1 Rfe8 16. Bd2 Bg4 17. f3 Bh3 18.
Rxe8+ Rxe8 19. Bxh3 Qxh3 0-1

[Event "*** SCC Grand Prix: Titled Tuesday Blitz"]
[Site "Chess.com"]
[Date "2020.08.11"]
[Round "1"]
[White "GelmanAlexander"]
[Black "JonasHilwerda"]
[Result "1-0"]
[WhiteElo "2570"]
[BlackElo "2206"]
[TimeControl "180+1"]
[EndTime "10:05:32 PDT"]
[Termination "GelmanAlexander won by checkmate"]

1. d4 Nf6 2. Nc3 d5 3. Bf4 c6 4. f3 Bf5 5. g4 Bg6 6. h4 h5 7. g5 Nfd7 8. e4 dxe4 9. fxe4 Qa5 10. Nf3 Bxe4 11. Qe2 Bd5 12. g6 fxg6 13. O-O-O Na6 14. Nxd5 cxd5 15. Qe6 Rc8 16. Bh3 Qa4 17. Kb1 Qxc2+ 18.
Ka1 Qa4 19. Ne5 Nab8 20. Qxg6+ Kd8 21. Nf7+ Ke8 22. Nd6+ Kd8 23. Nxb7# 1-0

[Event "*** SCC Grand Prix: Titled Tuesday Blitz"]
[Site "Chess.com"]
[Date "2020.08.11"]
[Round "1"]
[White "Grischuk"]
[Black "r31415"]
[Result "1-0"]
[WhiteElo "3032"]
[BlackElo "2453"]
[TimeControl "180+1"]
[EndTime "10:05:34 PDT"]
[Termination "Grischuk won by resignation"]

1. Nf3 d6 2. d4 f5 3. Nc3 Nf6 4. Bg5 Nbd7 5. Qd3 g6 6. e4 fxe4 7. Nxe4 Bg7 8. c3 O-O 9. Ng3 c5 10. Be2 cxd4 11. cxd4 Qa5+ 12. Bd2 Qb6 13. O-O e5 14.
Bc3 exd4 15. Bxd4 Nc5 16. Qa3 Nfe4 17. Bc4+ Kh8 18. Bxg7+ Kxg7 19. b4 Rxf3 20. Qxf3 Nxg3 21. Qf7+ Kh6 22. bxc5 Qxc5 1-0

[Event "*** SCC Grand Prix: Titled Tuesday Blitz"]
[Site "Chess.com"]
[Date "2020.08.11"]
[Round "1"]
[White "volkanyirik"]
[Black "gross-aleks"]
[Result "0-1"]
[WhiteElo "2252"]
[BlackElo "2604"]
[TimeControl "180+1"]
[EndTime "10:05:34 PDT"]
[Termination "gross-aleks won by resignation"]

1. e4 e5 2. Nf3 Nc6 3. Nc3 Bc5 4. Bb5 d6 5. h3 Bd7 6. Bxc6 bxc6 7. d4 exd4 8. Nxd4 Bb6 9. O-O Nf6 10. Be3 O-O 11. Qd2 Re8 12. f3 d5 13. e5 Rxe5 14. Rfe1 Qe7 15.
Bf2 Re8 16. Rxe5 Qxe5 17. Re1 Qd6 18. Rxe8+ Nxe8 19. Na4 c5 20. Nxb6 axb6 21. Ne2 d4 22. Bg3 Qe6 23. Nf4 Qxa2 24. b3 Qb1+ 25. Kh2 Qf1 26.
c3 Nf6 27. cxd4 c4 28. bxc4 Qxc4 29. Qe3 b5 30. Bh4 Nd5 31. Nxd5 Qxd5 32. Qe7 Qd6+ 33.
Qxd6 cxd6 34. d5 b4 35. Be1 b3 36. Bc3 Bb5 37. Kg3 Bc4 38. Kf4 Bxd5 39. Ke3 f6 40. Kd2 Kf8 0-1

[Event "*** SCC Grand Prix: Titled Tuesday Blitz"]
[Site "Chess.com"]
[Date "2020.08.11"]
[Round "1"]
[White "GMaka"]
[Black "Bulldog167"]
[Result "0-1"]
[WhiteElo "2351"]
[BlackElo "2706"]
[TimeControl "180+1"]
[EndTime "10:05:37 PDT"]
[Termination "Bulldog167 won by resignation"]

1. d4 Nf6 2. Nf3 c5 3. d5 e6 4.
c4 exd5 5. cxd5 d6 6. Nc3 g6 7.
g3 Bg7 8. Bg2 O-O 9. O-O Nbd7 10. Bf4 Qe7 11. Re1 a6 12. a4 Rb8 13. e4 Ng4 14. h3 Nge5 15. Nxe5 Nxe5 16. g4 c4 17. Bg3 Nd3 18. Qc2 Nxe1 19. Rxe1 b5 20. axb5 axb5 21.
f4 b4 22. Nd1 Ba6 23. e5 Rfc8 24. e6 c3 25. b3 f5 26. gxf5 gxf5 27. Ne3 Bd4 28.
Kh2 Bxe3 29. Rxe3 Rf8 30. Re1 h6 31. Bf2 Kh7 32. Bd4 Qh4 33. Qc1 Rg8 34. Re3 Qxf4+ 0-1

[Event "*** SCC Grand Prix: Titled Tuesday Blitz"]
[Site "Chess.com"]
[Date "2020.08.11"]
[Round "1"]
[White "2nd_life"]
[Black "igorknyazev"]
[Result "1-0"]
[WhiteElo "2466"]
[BlackElo "1924"]
[TimeControl "180+1"]
[EndTime "10:05:37 PDT"]
[Termination "2nd_life won on time"]

1. e4 e5 2. f4 d5 3. exd5 e4 4. d3 Nf6 5. dxe4 Nxe4 6. Nf3 Bc5 7. Qe2 Qxd5 8. Nfd2 Bf2+ 9. Kd1 O-O 10. Qxe4 Bg4+ 11.
Be2 Bxe2+ 12. Kxe2 Qc5 13. Nb3 Qb6 14. Be3 Qb5+ 15. Kxf2 Nc6 16. Nc3 Qh5 17. Qf3 Rae8 18. Qxh5 Rxe3 19. Kxe3 Re8+ 20. Kf2 1-0

[Event "*** SCC Grand Prix: Titled Tuesday Blitz"]
[Site "Chess.com"]
[Date "2020.08.11"]
[Round "1"]
[White "Nikithebest"]
[Black "gmmoranda"]
[Result "0-1"]
[WhiteElo "2429"]
[BlackElo "2902"]
[TimeControl "180+1"]
[EndTime "10:05:39 PDT"]
[Termination "gmmoranda won on time"]

1. e4 d6 2. d4 Nf6 3. Nc3 e5 4. Nge2 c6 5. g3 Be7 6. Bg2 b5 7.
a3 Nbd7 8. O-O Bb7 9. h3 h5 10. Be3 Qc7 11. Qd2 a5 12. f4 O-O 13. f5 b4 14. Na4 exd4 15. Nxd4 c5 16. Nb5 Qc6 17. c4 Nxe4 18. Qd1 Rfe8 19. Qxh5 Ndf6 20. Qd1 d5 21. b3 Rad8 22. Qf3 Bf8 23. g4 Nd7 24. g5 Ne5 25. Qh5 Ng3 26. Qh4 Nxf1 27. Rxf1 Qd7 28. Bxc5 dxc4 29. Bxf8 Rxf8 30. Bxb7 Qxb7 31. bxc4 Nf3+ 32.
Rxf3 Qxf3 0-1

[Event "*** SCC Grand Prix: Titled Tuesday Blitz"]
[Site "Chess.com"]
[Date "2020.08.11"]
[Round "1"]
[White "MashaFromRussia"]
[Black "Artur0208"]
[Result "1-0"]
[WhiteElo "2407"]
[BlackElo "2756"]
[TimeControl "180+1"]
[EndTime "10:05:40 PDT"]
[Termination "MashaFromRussia won on time"]

1. d4 d5 2. c4 e6 3. Nf3 Nf6 4. g3 dxc4 5. Bg2 Nc6 6. Qa4 Bb4+ 7. Bd2 Nd5 8. Bxb4 Nxb4 9. O-O O-O 10. a3 Nd5 11.
Qxc4 Nb6 12. Qd3 e5 13. dxe5 Qxd3 14. exd3 Bf5 15. Nc3 Bxd3 16. Rfd1 Rad8 17. b4 a6 18. Ne1 Bc4 19. f4 f6 20. exf6 gxf6 21. Kf2 Kf7 22.
Ne4 Rfe8 23. Bf3 Nd4 24. Bh5+ Kf8 25. Bxe8 Kxe8 26. Nxf6+ Kf7 27. Ne4 Bb3 28. Rd3 Rd5 29. Nf3 1-0

[Event "*** SCC Grand Prix: Titled Tuesday Blitz"]
[Site "Chess.com"]
[Date "2020.08.11"]
[Round "1"]
[White "csati17"]
[Black "LubovMarkelova"]
[Result "0-1"]
[WhiteElo "2601"]
[BlackElo "2291"]
[TimeControl "180+1"]
[EndTime "10:05:41 PDT"]
[Termination "LubovMarkelova won by checkmate"]

1. c4 Nf6 2. Nc3 e6 3. e3 d5 4. d4 Bb4 5. Qc2 O-O 6. Nf3 c5 7.
cxd5 cxd4 8. Nxd4 Nxd5 9. Bd2 Nxc3 10. Bxc3 Bxc3+ 11. Qxc3 Nd7 12. Rc1 Nf6 13. Bc4 a6 14.
a4 Bd7 15. a5 Rc8 16. Qa3 Bb5 17. b3 Bxc4 18. bxc4 e5 19. Nb3 Qd3 20. Qb4 Rfd8 21. Nd2 Ng4 22. Qc3 Nxf2 23. Kxf2 Qxd2+ 24. Qxd2 Rxd2+ 25. Kf3 f5 26. Rb1 Rxc4 27. Rxb7 Rg4 28. e4 Rf4+ 29. Kg3 Rd3# 0-1

[Event "*** SCC Grand Prix: Titled Tuesday Blitz"]
[Site "Chess.com"]
[Date "2020.08.11"]
[Round "1"]
[White "Mikhail_Golubev"]
[Black "AJSC02"]
[Result "1-0"]
[WhiteElo "2604"]
[BlackElo "2254"]
[TimeControl "180+1"]
[EndTime "10:05:42 PDT"]
[Termination "Mikhail_Golubev won by resignation"]

1. e4 c5 2. Nf3 Nc6 3. Nc3 Nf6 4. Bb5 Qc7 5. O-O Nd4 6. Bd3 Ng4 7. g3 Nxf3+ 8. Qxf3 Ne5 9. Qf4 e6 10. Be2 a6 11. a4 Bd6 12. Qe3 h5 13. f4 Ng4 14.
Bxg4 hxg4 15. e5 Be7 16. f5 d6 17. exd6 Bxd6 18. Ne4 O-O 19. f6 Be5 20. Qg5 Bd4+ 21. Kg2 1-0

[Event "*** SCC Grand Prix: Titled Tuesday Blitz"]
[Site "Chess.com"]
[Date "2020.08.11"]
[Round "1"]
[White "eCztery"]
[Black "Azeryahu"]
[Result "1-0"]
[WhiteElo "2410"]
[BlackElo "2764"]
[TimeControl "180+1"]
[EndTime "10:05:49 PDT"]
[Termination "eCztery won on time"]

1. e4 e5 2. Nf3 Nc6 3. d4 exd4 4. Bc4 Nf6 5. O-O d6 6. Nxd4 Be7 7. Nc3 O-O 8. h3 Re8 9. Bg5 Ne5 10. Bb3 a6 11. f4 Ng6 12. Nf5 Be6 13. Nxe7+ Qxe7 14. f5 Bxb3 15. axb3 Nf8 16. Nd5 Qd8 17. Nxf6+ gxf6 18. Bh6 Rxe4 19. Qf3 Qe7 20. Qg3+ Ng6 21. fxg6 hxg6 22.
Rae1 d5 23. Bd2 Re8 24. Bc3 f5 25. Rd1 Qe6 26. Qxc7 1-0

[Event "*** SCC Grand Prix: Titled Tuesday Blitz"]
[Site "Chess.com"]
[Date "2020.08.11"]
[Round "1"]
[White "chito89"]
[Black "Danfii"]
[Result "1-0"]
[WhiteElo "2755"]
[BlackElo "2379"]
[TimeControl "180+1"]
[EndTime "10:05:49 PDT"]
[Termination "chito89 won by resignation"]

1. Nf3 d5 2. e3 Nf6 3. c4 e6 4. b3 Be7 5. Bb2 c5 6. cxd5 exd5 7. d4 b6 8. Be2 O-O 9. O-O Bb7 10. Nc3 Nc6 11. Rc1 Re8 12. dxc5 bxc5 13. Na4 Ne4 14. Nd2 Nb4 15. Nxe4 dxe4 16. Nxc5 Bxc5 17.
Rxc5 Nd3 18. Rc2 Qd5 19. Bd4 Ba6 20. Rc7 Rac8 21. Rxa7 Bb7 22. Qd2 Rcd8 23. Qa5 Qd7 24. Qg5 1-0

[Event "*** SCC Grand Prix: Titled Tuesday Blitz"]
[Site "Chess.com"]
[Date "2020.08.11"]
[Round "1"]
[White "Irishchessman16"]
[Black "pheonixking2000"]
[Result "0-1"]
[WhiteElo "2375"]
[BlackElo "2747"]
[TimeControl "180+1"]
[EndTime "10:05:51 PDT"]
[Termination "pheonixking2000 won by resignation"]

1. e4 g6 2. d4 Bg7 3. Nc3 d6 4. f4 a6 5. Nf3 b5 6. Bd3 Bb7 7.
O-O Nf6 8. e5 Nd5 9. Ne4 Nb4 10.
c3 Nxd3 11. Qxd3 c5 12. dxc5 dxe5 13. Qxd8+ Kxd8 14. Rd1+ Ke8 15. Neg5 h6 16. Nh3 e4 17. Ne5 Nc6 18. Nd7 Rd8 19. a4 Rxd7 20. Rxd7 Kxd7 21. axb5 axb5 22. Be3 f5 23. Nf2 Rd8 24. g4 e6 25.
h4 Ne7 26. h5 Nd5 27. c6+ Kxc6 28. Bd4 Bxd4 29. cxd4 gxh5 30. gxh5 Nxf4 31. Nd1 Nd3 0-1

[Event "*** SCC Grand Prix: Titled Tuesday Blitz"]
[Site "Chess.com"]
[Date "2020.08.11"]
[Round "1"]
[White "eightbyeightchess"]
[Black "Colchonero64"]
[Result "0-1"]
[WhiteElo "2434"]
[BlackElo "2911"]
[TimeControl "180+1"]
[EndTime "10:05:52 PDT"]
[Termination "Colchonero64 won by checkmate"]

1. e4 c5 2. Nf3 e6 3. d4 cxd4 4. Nxd4 a6 5. Nc3 b5 6. Bd3 Qb6 7. Nb3 Qc7 8. O-O Bb7 9. f4 b4 10. Ne2 Nf6 11. Ng3 h5 12. e5 h4 13. Nh1 h3 14. Ng3 hxg2 15. Rf2 Nd5 16. f5 Nc6 17. fxe6 dxe6 18. Bg5 Nxe5 19. Be4 Bd6 20. Bxg2 f6 21.
Bd2 O-O-O 22. Qe2 Rh4 23. c3 Kb8 24. cxb4 Ng4 25. Bxd5 Bxd5 26. Qxa6 Bxg3 27. hxg3 Rh1# 0-1

[Event "*** SCC Grand Prix: Titled Tuesday Blitz"]
[Site "Chess.com"]
[Date "2020.08.11"]
[Round "1"]
[White "Grandelicious"]
[Black "Tsyhanchuk_Stanislav"]
[Result "1-0"]
[WhiteElo "2761"]
[BlackElo "2387"]
[TimeControl "180+1"]
[EndTime "10:05:52 PDT"]
[Termination "Grandelicious won by resignation"]

1. Nf3 Nf6 2. g3 c5 3. Bg2 Nc6 4. c4 g6 5. d4 cxd4 6. Nxd4 Bg7 7. Nc3 O-O 8. O-O Nxd4 9. Qxd4 d6 10. Qd3 Rb8 11. Rd1 Bd7 12. Bf4 Bc6 13. c5 e5 14.
Be3 Bxg2 15. Kxg2 dxc5 16. Bxc5 Re8 17. Bxa7 Ra8 18. Qxd8 Rexd8 19. Rxd8+ Rxd8 20. Rd1 Rxd1 21. Nxd1 Nd5 22. e4 Nb4 23. a3 Nc6 24. Bb6 f5 25.
f3 Kf7 26. Kf2 Ke6 27. Ke2 h5 28. Nf2 h4 29. g4 Bh6 30. Nd3 fxg4 31. fxg4 Nd4+ 32.
Bxd4 exd4 33. Nc5+ Ke5 34. Kf3 d3 35. Nxd3+ Kd4 36.
Nf4 b5 37. g5 1-0

[Event "*** SCC Grand Prix: Titled Tuesday Blitz"]
[Site "Chess.com"]
[Date "2020.08.11"]
[Round "1"]
[White "rynos0411"]
[Black "GMKrikor"]
[Result "0-1"]
[WhiteElo "2363"]
[BlackElo "2727"]
[TimeControl "180+1"]
[EndTime "10:05:52 PDT"]
[Termination "GMKrikor won by resignation"]

1. d4 Nf6 2. c4 g6 3. Nc3 d5 4.
cxd5 Nxd5 5. Na4 e5 6. e4 Nf6 7. dxe5 Qxd1+ 8. Kxd1 Nxe4 9. Be3 Bd7 10. Nc3 Nxc3+ 11. bxc3 Nc6 12. f4 O-O-O 13. Ke1 Bg7 14. Nf3 f6 15. exf6 Bxf6 16. Rc1 Rhe8 17. Kf2 Be6 18. Bb5 Bd5 19. c4 Bxf3 20. Kxf3 Rd3 0-1

[Event "*** SCC Grand Prix: Titled Tuesday Blitz"]
[Site "Chess.com"]
[Date "2020.08.11"]
[Round "1"]
[White "zala02"]
[Black "Sashadav97"]
[Result "0-1"]
[WhiteElo "2219"]
[BlackElo "2580"]
[TimeControl "180+1"]
[EndTime "10:05:52 PDT"]
[Termination "Sashadav97 won by checkmate"]

1. d4 d5 2. c4 e6 3. Nc3 Nf6 4.
Nf3 c6 5. Bg5 dxc4 6. e4 b5 7.
e5 h6 8. Bh4 g5 9. Nxg5 hxg5 10. Bxg5 Be7 11. exf6 Bxf6 12. Bxf6 Qxf6 13. g3 Bb7 14. Bg2 Na6 15. Nxb5 cxb5 16. Bxb7 Nb4 17. O-O Rd8 18. d5 Nxd5 19. Bc6+ Ke7 20. Qe1 Qh6 21.
h4 Qxh4 22. Kg2 Qh3+ 23. Kf3 Qf5+ 24. Kg2 Nf4+ 25. gxf4 Qg4# 0-1

[Event "*** SCC Grand Prix: Titled Tuesday Blitz"]
[Site "Chess.com"]
[Date "2020.08.11"]
[Round "1"]
[White "Na_binci"]
[Black "sorito"]
[Result "0-1"]
[WhiteElo "1962"]
[BlackElo "2472"]
[TimeControl "180+1"]
[EndTime "10:05:52 PDT"]
[Termination "sorito won by resignation"]

1. d4 Nf6 2. c4 e6 3. Nf3 c5 4. e3 d5 5. cxd5 exd5 6. Bb5+ Nc6 7. O-O a6 8. Bxc6+ bxc6 9. Ne5 Bd6 10. f4 Qc7 11. b3 O-O 12. Bb2 Bf5 13. Nd2 cxd4 14. exd4 Qb6 15. Kh1 Ra7 16. Rc1 c5 17.
dxc5 Bxc5 18. Ndf3 Rd8 19. Bd4 Rc7 20. Bxc5 Rxc5 21.
Qd4 Rdc8 22. Rxc5 Qxc5 23. Qxc5 Rxc5 24. Nd4 Be4 25. Kg1 h5 26. Kf2 Rc3 27. Rd1 h4 28. Rd2 Bb1 29. Nef3 Ne4+ 0-1

[Event "*** SCC Grand Prix: Titled Tuesday Blitz"]
[Site "Chess.com"]
[Date "2020.08.11"]
[Round "1"]
[White "Mikasinski"]
[Black "LyonBeast"]
[Result "0-1"]
[WhiteElo "2448"]
[BlackElo "3018"]
[TimeControl "180+1"]
[EndTime "10:05:53 PDT"]
[Termination "LyonBeast won by resignation"]

1. e4 e6 2. d4 d5 3. Nc3 Nf6 4. Bg5 dxe4 5. Nxe4 Nbd7 6. Nf3 Be7 7. Nxf6+ Bxf6 8.
h4 c5 9. c3 cxd4 10. Bxf6 Nxf6 11. Bb5+ Bd7 12. Bxd7+ Qxd7 13. Qxd4 Qxd4 14. Nxd4 Ke7 15.
Ke2 Rhd8 16. Rad1 Rd5 17. Nc2 Re5+ 18. Ne3 Nd5 19. g3 Nxe3 20. fxe3 Rc8 21. Rd4 Rb5 22. Rd2 Rc7 23. Rhd1 h6 24. Rc2 Ra5 25. b3 Rac5 26. Rd3 b5 27. Kd2 f5 28. Kc1 Re5 29. Kb2 Rd7 30. Rcd2 Rxd3 31. Rxd3 Re4 32. Kc2 Rg4 33. Rd4 Rxg3 34. Kd3 g5 35. hxg5 hxg5 36. a4 f4 37. axb5 Rxe3+ 38. Kd2 Re5 39. c4 f3 40. Kc3 f2 0-1

[Event "*** SCC Grand Prix: Titled Tuesday Blitz"]
[Site "Chess.com"]
[Date "2020.08.11"]
[Round "1"]
[White "blitzking1729"]
[Black "BabyFacedAssasin"]
[Result "1-0"]
[WhiteElo "2616"]
[BlackElo "2269"]
[TimeControl "180+1"]
[EndTime "10:05:53 PDT"]
[Termination "blitzking1729 won by checkmate"]

1. c4 f5 2. Nc3 Nf6 3. d4 g6 4. h4 Bg7 5. h5 Nxh5 6. e4 Nf6 7.
e5 Ne4 8. Bd3 c5 9. Nxe4 fxe4 10. Bxe4 cxd4 11. Rxh7 Rxh7 12. Bxg6+ Kf8 13. Bxh7 Qe8 14.
Qg4 d5 15. Qf3+ Qf7 16. cxd5 Bxe5 17. Bh6+ Bg7 18. Bxg7+ Kxg7 19. Qxf7+ Kxf7 20. Nf3 Nd7 21. Nxd4 Nf6 22. Bc2 Nxd5 23. Bb3 e6 24. Rc1 Bd7 25.
Nf3 Kf6 26. Bxd5 exd5 27. Kd2 Re8 28. Rh1 Bb5 29. Nd4 Bc4 30. b3 Ba6 31. g3 Re4 32.
Kc3 Ke5 33. Rh6 b6 34. Re6# 1-0

[Event "*** SCC Grand Prix: Titled Tuesday Blitz"]
[Site "Chess.com"]
[Date "2020.08.11"]
[Round "1"]
[White "talman67"]
[Black "Alexey_Spirin"]
[Result "1-0"]
[WhiteElo "2490"]
[BlackElo "2034"]
[TimeControl "180+1"]
[EndTime "10:05:53 PDT"]
[Termination "talman67 won by resignation"]

1. e4 c5 2. Nf3 Nc6 3. d4 cxd4 4. Nxd4 Nf6 5. Nc3 e5 6. Ndb5 d6 7. Bg5 a6 8. Na3 b5 9. Bxf6 gxf6 10. Nd5 Bg7 11.
Bd3 Ne7 12. Nxe7 Qxe7 13. c4 b4 14. Nc2 a5 15. O-O O-O 16. Ne3 Be6 17. Qh5 Qd7 18.
f4 exf4 19. Rxf4 Qa7 20. Re1 Qc5 21. Qh4 Kh8 22. e5 f5 23. Bxf5 Bxf5 24. Rxf5 dxe5 25.
Kh1 Ra6 26. Rh5 h6 27. Nf5 Rg6 28. Nxh6 Bxh6 29. Rxh6+ Rxh6 30. Qxh6+ Kg8 31. Re3 f6 32. Qg6+ 1-0

[Event "*** SCC Grand Prix: Titled Tuesday Blitz"]
[Site "Chess.com"]
[Date "2020.08.11"]
[Round "1"]
[White "Arseniy_Nesterov"]
[Black "Mikhal867"]
[Result "1-0"]
[WhiteElo "2748"]
[BlackElo "2376"]
[TimeControl "180+1"]
[EndTime "10:05:54 PDT"]
[Termination "Arseniy_Nesterov won by checkmate"]

1. d4 g6 2. c4 Bg7 3. Nf3 d6 4. g3 Nd7 5. Bg2 e5 6. Nc3 h6 7. O-O Ne7 8. e4 O-O 9. Be3 f5 10. dxe5 dxe5 11. exf5 gxf5 12. Qc1 Kh7 13. Rd1 c6 14. Rd6 Ng6 15. h4 Qe7 16. c5 f4 17. h5 Nh8 18. gxf4 exf4 19. Bxf4 Nf7 20. Qc2+ Kh8 21. Re1 Qd8 22. Rg6 Nxc5 23. Rxg7 Qd3 24.
Rxf7 Qxc2 25. Rxf8+ Kg7 26. Rd8 Ne6 27. Rxe6 Bxe6 28.
Rxa8 Qxb2 29. Rxa7 Kf6 30. Be5+ Kf5 31. Bh3# 1-0

[Event "*** SCC Grand Prix: Titled Tuesday Blitz"]
[Site "Chess.com"]
[Date "2020.08.11"]
[Round "1"]
[White "AniJak"]
[Black "AnonymousIM2023"]
[Result "0-1"]
[WhiteElo "2314"]
[BlackElo "2660"]
[TimeControl "180+1"]
[EndTime "10:05:57 PDT"]
[Termination "AnonymousIM2023 won by resignation"]

1. e4 c5 2. Nc3 Nc6 3. g3 g6 4. Bg2 Bg7 5. d3 Rb8 6. Be3 d6 7. Qd2 b5 8. h4 h5 9. Nh3 Nf6 10. O-O Nd4 11. f3 O-O 12. Nd1 b4 13. c3 bxc3 14. bxc3 Nc6 15. Bh6 Qa5 16. Bxg7 Kxg7 17. Ne3 Ne5 18. Ng5 Ba6 19. Rfd1 Nxd3 20. c4 Qxd2 21. Rxd2 Ne5 22. Bf1 Rb4 23. Rc1 Rfb8 24. f4 Nc6 25. Nd5 Nxd5 26. cxd5 Bxf1 27. dxc6 Bb5 28.
c7 Rc8 29. e5 Rxc7 30. exd6 exd6 31. Rxd6 Rb2 32. f5 gxf5 33. Rd5 c4 34. Rxf5 c3 35. Ne4 c2 36. Nf6 Rb1 37. Nxh5+ Kf8 0-1

[Event "*** SCC Grand Prix: Titled Tuesday Blitz"]
[Site "Chess.com"]
[Date "2020.08.11"]
[Round "1"]
[White "semchik73"]
[Black "jacky72"]
[Result "0-1"]
[WhiteElo "2291"]
[BlackElo "2638"]
[TimeControl "180+1"]
[EndTime "10:05:57 PDT"]
[Termination "jacky72 won by checkmate"]

1. Nf3 g6 2. c4 Nf6 3. Nc3 Bg7 4. d4 O-O 5. e3 d6 6. Be2 b6 7. O-O Bb7 8. b3 Nbd7 9. Bb2 Ne4 10. Nxe4 Bxe4 11.
Nd2 Bb7 12. Bf3 Qc8 13. Rc1 e5 14. dxe5 Nxe5 15. Be2 Nf3+ 16. Bxf3 Bxb2 17. Rc2 Bg7 18. Ne4 a5 19. Rd2 Re8 20. Ng5 h6 21. Bxb7 Qxb7 22.
Nf3 a4 23. Rd5 axb3 24. axb3 Ra1 25. Qd2 Rea8 26. g3 Qc8 27. Rxa1 Rxa1+ 28. Kg2 Qa8 29. Nd4 Ra2 30. Qd3 Qa3 31. Qe4 Qb2 32. Qf3 Ra1 33. Kh3 Qb1 34. Ne2 Qf1+ 35. Kg4 Ra2 36. Nd4 h5+ 37.
Kg5 Rxf2 38. Qe4 Rxh2 39. Qe8+ Kh7 40. Nf5 f6# 0-1

[Event "*** SCC Grand Prix: Titled Tuesday Blitz"]
[Site "Chess.com"]
[Date "2020.08.11"]
[Round "1"]
[White "AlanZhang"]
[Black "Firegrizzly"]
[Result "0-1"]
[WhiteElo "2188"]
[BlackElo "2552"]
[TimeControl "180+1"]
[EndTime "10:05:58 PDT"]
[Termination "Firegrizzly won on time"]

1. e4 e6 2. d4 d5 3. Nc3 Bb4 4. e5 c5 5. a3 Bxc3+ 6. bxc3 Qc7 7. Nf3 Ne7 8. h4 h6 9. Bd3 b6 10. h5 Ba6 11. O-O Bxd3 12. Qxd3 Nbc6 13. a4 Na5 14.
Nh4 Rc8 15. Ra2 cxd4 16. cxd4 Qc4 17. Qxc4 Rxc4 18. Be3 Nec6 19. Rd1 Ke7 20. Nf3 Nb4 21. Rb2 Nxc2 22. Nd2 Nxe3 23. fxe3 Rc3 24. Kf2 Rhc8 25.
Ke2 Rc2 26. Rxc2 Rxc2 27. Kd3 Ra2 28. Rc1 Ra3+ 29. Ke2 Kd7 30. Nb1 Ra2+ 31. Kf3 Rxa4 32. Nc3 Rc4 33. Ne2 Rxc1 34. Nxc1 b5 35. e4 b4 36.
exd5 exd5 37. g4 b3 38. Nd3 Ke7 39. Ke2 Nc4 40. Kd1 a5 41. Kc1 a4 42. Nc5 b2+ 43.
Kb1 a3 44. Ka2 Nd2 0-1

[Event "*** SCC Grand Prix: Titled Tuesday Blitz"]
[Site "Chess.com"]
[Date "2020.08.11"]
[Round "1"]
[White "IMHansNiemann"]
[Black "Steven_Rojas"]
[Result "1-0"]
[WhiteElo "2924"]
[BlackElo "2435"]
[TimeControl "180+1"]
[EndTime "10:05:59 PDT"]
[Termination "IMHansNiemann won by resignation"]

1. d4 d5 2. c4 e6 3. Nf3 Nf6 4. g3 Be7 5. Bg2 O-O 6. O-O dxc4 7. Qc2 a6 8. a4 Bd7 9. Qxc4 Bc6 10. Bg5 Nbd7 11. Nc3 h6 12. Bxf6 Nxf6 13. Rfd1 Bd5 14. Qd3 Bb4 15. e4 Bxc3 16. exd5 Bb4 17. dxe6 fxe6 18.
Ne5 Nd5 19. Qb3 Qd6 20. Rac1 a5 21. Rc2 c6 22. Re2 Rae8 23. h4 Rd8 24. Be4 Nf6 25. Bc2 Qd5 26. Qd3 Bd6 27. Bb3 Bxe5 28. Bxd5 1-0

[Event "*** SCC Grand Prix: Titled Tuesday Blitz"]
[Site "Chess.com"]
[Date "2020.08.11"]
[Round "1"]
[White "Chessdemon2019"]
[Black "Evgeny81"]
[Result "0-1"]
[WhiteElo "2366"]
[BlackElo "2735"]
[TimeControl "180+1"]
[EndTime "10:05:59 PDT"]
[Termination "Evgeny81 won by resignation"]

1. e4 c5 2. Nf3 Nc6 3. Bb5 e6 4. O-O Nge7 5. c3 a6 6. Ba4 b5 7. Bc2 c4 8. d4 cxd3 9. Bxd3 d5 10. exd5 Nxd5 11. Re1 Be7 12. Nbd2 Nf4 13. Be4 Bb7 14. Nb3 Qxd1 15. Rxd1 Ne2+ 16. Kf1 Nxc1 17. Raxc1 Rb8 18. Rd2 f5 19. Bxc6+ Bxc6 20. Nbd4 Bd5 21. Re1 Rb6 22. Nxf5 Bc4+ 23. Kg1 exf5 24. b3 Bf7 25. Rde2 Rb7 26. Nd4 Kf8 27. Nxf5 Bf6 28. Nd6 Re7 29. c4 bxc4 30.
bxc4 g6 31. c5 Rc7 32. Ne4 Be7 33. Rc1 Kg7 34. f3 Rhc8 35. Rec2 Bd5 36. Kf2 Bxe4 37. fxe4 Rxc5 38. Rxc5 Rxc5 39. Rd1 Rc2+ 40. Kf3 Rxa2 41. Rd7 Kf7 42. Ra7 h5 43. h3 Ke6 44. g4 h4 45. Kf4 Rf2+ 46. Ke3 Bc5+ 0-1

[Event "*** SCC Grand Prix: Titled Tuesday Blitz"]
[Site "Chess.com"]
[Date "2020.08.11"]
[Round "1"]
[White "szachuspl"]
[Black "DrMamaliga"]
[Result "1-0"]
[WhiteElo "2536"]
[BlackElo "2174"]
[TimeControl "180+1"]
[EndTime "10:05:59 PDT"]
[Termination "szachuspl won by resignation"]

1. d4 Nf6 2. c4 e6 3. Nf3 b6 4. g3 c6 5. Bg2 d5 6. Qc2 Be7 7.
O-O O-O 8. Bf4 Bb7 9. Nbd2 Na6 10. a3 c5 11. Rfd1 Rc8 12. dxc5 Nxc5 13. Rac1 Qe8 14. Ne5 Nfd7 15. cxd5 Nxe5 16. Bxe5 Nd7 17. Bc3 exd5 18. Qa4 Nc5 19. Qf4 Ne6 20. Qf5 Qd7 21.
Nb3 Rfd8 22. h4 Qb5 23. Nd4 Nxd4 24. Bxd4 Qxe2 25. Bh3 Rxc1 26. Rxc1 g6 27. Qf4 Bd6 28. Qf6 1-0